Map: Dusk Towers

Players

MaSa

  • Race: Terran Terran
  • League: Master

Bails - Winner!

  • Race: Protoss Protoss
  • League: Master

Event: SpawningTool Invitational 1

VOD

https://www.youtube.com/watch?v=y051JGJX31k

Description

Time

  • Played on: May 30, 2016, 6:28 p.m.
  • Length: 16:06

All games in this series

Show
View Real Time Build Order
Export as new Build Order

MaSa Terran 

Build Orders: Reaper Expand, MMM Bio 

Get SALT Encoding   

  12  0:01  SCV  
  13  0:13  SCV  
  14  0:17  Supply Depot  
  14  0:25  SCV  
  15  0:39  SCV  
  15  0:40  Barracks  
  16  0:44  Refinery  
  16  0:51  SCV  
  17  1:03  SCV  
  18  1:15  SCV  
  19  1:27  Reaper  
  19  1:28  Orbital Command  
  20  1:39  Command Center  
  20  1:48  Supply Depot  
  20  1:53  SCV  
  21  1:59  Marine  
  22  2:05  SCV  
  23  2:14  Factory  
  23  2:18  SCV  
  23  2:22  Barracks Reactor  
  24  2:30  SCV  
  25  2:42  SCV  
  26  2:44  Command Center  
  26  2:54  Orbital Command  
  26  2:57  SCV  
  27  2:58  Refinery  
  27  2:59  Marine x2  
  27  3:02  Factory Tech Lab  
  29  3:10  SCV  
  30  3:16  Marine  
  30  3:17  Marine  
  32  3:21  Cyclone  
  32  3:22  SCV  
  32  3:23  SCV  
  38  3:34  SCV  
  38  3:37  Marine x2  
  38  3:40  SCV  
  42  3:47  Command Center  
  41  3:49  SCV  
  41  3:52  SCV  
  41  3:54  Marine  
  41  3:55  Marine  
  45  3:59  Orbital Command  
  45  4:01  SCV  
  46  4:08  Widow Mine  
  48  4:10  SCV  
  48  4:16  SCV  
  50  4:18  Barracks  
  50  4:22  SCV  
  51  4:28  SCV  
  51  4:30  SCV  
  53  4:34  SCV  
  53  4:40  Barracks, SCV  
  53  4:41  Marine, Stimpack  
  53  4:45  Refinery, Factory Reactor  
  55  4:46  Engineering Bay, SCV  
  55  4:47  SCV  
  55  4:52  SCV  
  55  4:54  Engineering Bay  
  55  4:59  Marine, SCV x2  
  58  5:00  Orbital Command  
  58  5:04  SCV  
  59  5:11  SCV  
  59  5:13  Refinery  
  60  5:15  SCV  
  60  5:17  Marine  
  60  5:18  Marine x2  
  60  5:20  Orbital Command  
  64  5:24  SCV  
  64  5:25  Barracks  
  64  5:28  Terran Infantry Weapons Level 1, Barracks  
  65  5:32  Terran Infantry Armor Level 1, SCV  
  66  5:36  SCV  
  66  5:40  Starport  
  66  5:42  SCV  
  68  5:44  SCV  
  68  5:45  Factory Reactor  
  68  5:47  Marine x2  
  68  5:49  Marine x2  
  73  5:54  Supply Depot, SCV x2  
  73  5:56  SCV  
  76  5:57  Supply Depot  
  76  6:14  Bunker, Barracks Tech Lab  
  76  6:16  Marine x5, Barracks Tech Lab, SCV x3  
  84  6:22  SCV  
  83  6:28  SCV x2  
  83  6:31  SCV  
  80  6:33  Marine x2  
  80  6:36  Marine  
  80  6:39  Medivac x2  
  88  6:40  SCV x2  
  88  6:42  Factory Reactor  
  88  6:43  Combat Shields  
  88  6:44  SCV  
  88  6:45  Concussive Shells  
  88  6:46  Barracks x2, Marine, Marauder x2  
  92  6:49  Supply Depot  
  92  6:53  Supply Depot  
  92  6:54  Armory  
  92  6:55  Orbital Command  
  92  7:01  Marine  
  92  7:02  Marine  
  92  7:05  SCV  
  92  7:06  SCV  
  92  7:08  SCV  
  92  7:11  Medivac x2, Marauder  
  92  7:12  Missile Turret  
  92  7:15  Marauder x2  
  102  7:17  Supply Depot, SCV  
  102  7:20  SCV  
  102  7:21  SCV  
  105  7:26  SCV  
  105  7:28  Missile Turret  
  105  7:29  Marine, SCV  
  108  7:34  Barracks Reactor, Barracks Tech Lab  
  108  7:35  Supply Depot  
  108  7:38  Marine, Widow Mine x2, SCV  
  108  7:39  Marauder  
  116  7:45  Supply Depot  
  116  7:48  Supply Depot  
  116  7:50  Terran Infantry Weapons Level 2  
  116  7:53  Terran Infantry Armor Level 2  
  116  7:56  Marine, Marauder x2  
  116  7:58  Medivac  
  123  8:01  Supply Depot  
  123  8:02  SCV  
  124  8:07  Marine x2, Medivac, Marauder, SCV  
  129  8:20  Marine x3, Marauder x2  
  129  8:27  Medivac  
  129  8:28  Supply Depot, Refinery x2  
  129  8:32  Marine x3, Marauder x2  
  138  8:37  Medivac  
  128  8:44  Widow Mine x2  
  128  8:46  Marine x3, Marauder x2  
  128  8:48  SCV  
  139  8:50  Refinery  
  139  8:53  Liberator  
  139  8:54  Supply Depot  
  139  8:55  Supply Depot  
  139  8:58  Medivac  
  139  9:00  SCV  
  139  9:02  Marauder  
  144  9:08  Supply Depot, Marauder  
  144  9:09  Marauder  
  148  9:12  Widow Mine  
  153  9:20  Marine x4, Marauder  
  153  9:21  Marine, Widow Mine  
  153  9:23  Marine  
  153  9:24  Marauder  
  165  9:32  Starport  
  165  9:35  Starport  
  165  9:39  Marauder x2  
  165  9:41  Widow Mine  
  165  9:43  Supply Depot  
  165  9:44  Supply Depot x2  
  165  9:45  Marine x2  
  172  9:50  Widow Mine  
  159  9:56  Marine  
  159  9:57  Marine x3, Marauder x2  
  159  9:59  Marine  
  132  10:09  Marine x2, Marauder, Widow Mine  
  136  10:14  Marine x2  
  136  10:17  Marine, Medivac x2  
  136  10:18  Marauder, Widow Mine  
  140  10:29  Marine, Marauder  
  134  10:38  Marine x4, Widow Mine  
  134  10:41  Marine, Marauder  
  143  10:46  Medivac  
  143  10:47  Medivac, Widow Mine  
  139  10:58  Terran Infantry Armor Level 3  
  139  11:04  Starport Reactor x2  
  139  11:05  Command Center  
  139  11:06  Marine x2, Marauder x2, Widow Mine  
  142  11:13  Marine x4, Marauder  
  142  11:14  Marauder  
  142  11:16  Medivac  
  145  11:18  Widow Mine  
  145  11:20  Medivac  
  149  11:26  Terran Infantry Weapons Level 3  
  149  11:29  Marine x2  
  149  11:30  Marauder x2  
  153  11:35  Marauder x2, Widow Mine  
  153  11:37  Marine  
  153  11:38  Marine x3  
  163  11:41  Viking  
  163  11:42  Viking x3  
  163  11:46  Medivac  
  173  11:47  Terran Ship Weapons Level 1  
  173  11:51  Marauder x2  
  165  11:55  Marine  
  165  11:56  Marine, Marauder x2  
  165  11:59  Viking  
  166  12:03  Marine x3  
  166  12:04  Marine, Barracks  
  166  12:05  Barracks  
  170  12:12  Marine  
  170  12:13  Marine x2, Marauder  
  175  12:17  Viking, Marine, Marauder, Refinery  
  175  12:20  Refinery  
  175  12:21  Marine x3  
  180  12:24  Marine  
  172  12:30  Marine  
  172  12:31  Marine x2  
  172  12:34  Viking, Marine  
  172  12:35  Marine  
  177  12:38  Marine, Orbital Command  
  177  12:39  Marine  
  177  12:43  Marine  
  180  12:48  Viking, Marauder  
  178  12:54  Marine x2, Marauder x2  
  178  12:57  Viking  
  177  13:00  Marine  
  177  13:01  Marine x2  
  175  13:09  Viking x2  
  169  13:13  Marauder x2  
  169  13:17  Marine x4  
  169  13:18  Marine  
  158  13:22  Viking  
  158  13:25  Viking  
  158  13:32  Widow Mine x2  
  162  13:38  Viking x2  
  162  13:41  Viking  
  168  13:44  Marine  
  168  13:45  Marine  
  168  13:46  Marine  
  168  13:48  Marine  
  170  13:52  SCV  
  167  13:58  Viking  
  167  13:59  Viking  
  167  14:01  Widow Mine  
  173  14:06  Marine, Marauder x2  
  159  14:11  Marauder x2  
  135  14:19  Widow Mine  
  135  14:20  Marine  
  120  14:26  Viking  
  120  14:28  Marine, Marauder  
  120  14:29  Marine, Widow Mine  
  120  14:30  Marine  
  112  14:37  Viking  
  105  14:39  SCV  
  105  14:43  Marine x2  
  105  14:45  Marine  
  108  14:48  Marine  
  108  14:49  Marine x2, Orbital Command  
  108  14:51  Marine x2  
  113  14:53  Marine  
  113  14:55  Marine  
  113  14:56  Marine  
  116  15:05  SCV  
  113  15:10  Marine  
  113  15:12  Marine x2  
  113  15:14  Marine  
  116  15:17  Marine x3  
  120  15:21  Command Center  
  120  15:22  Marine x3  
  120  15:26  Viking  
  120  15:27  Marine  
  124  15:30  Marine x2  
  124  15:31  Marine  
Show
View Real Time Build Order
Export as new Build Order

Bails Protoss - Winner!

Build Orders: 1 Gate Expand, Oracle Opening 

Get SALT Encoding   

  12  0:00  Probe (Chrono Boost)  
  13  0:11  Probe (Chrono Boost)  
  14  0:17  Pylon  
  14  0:22  Probe (Chrono Boost)  
  16  0:35  Probe (Chrono Boost)  
  16  0:36  Gateway  
  16  0:46  Probe (Chrono Boost)  
  16  0:47  Assimilator  
  17  0:56  Probe (Chrono Boost)  
  18  1:07  Probe (Chrono Boost)  
  19  1:17  Probe (Chrono Boost)  
  20  1:23  Nexus  
  20  1:31  Cybernetics Core  
  20  1:34  Probe (Chrono Boost)  
  21  1:40  Assimilator  
  21  1:45  Probe (Chrono Boost)  
  22  1:51  Pylon  
  22  1:55  Probe (Chrono Boost)  
  23  2:09  Adept  
  23  2:10  Mothership Core (Chrono Boost)  
  23  2:13  Warp Gate  
  27  2:16  Pylon  
  27  2:28  Probe (Chrono Boost)  
  28  2:35  Probe (Chrono Boost)  
  29  2:38  Probe (Chrono Boost)  
  29  2:41  Stargate  
  29  2:46  Adept, Probe (Chrono Boost)  
  29  2:49  Probe (Chrono Boost)  
  33  2:56  Probe (Chrono Boost)  
  34  2:59  Pylon  
  34  3:00  Probe (Chrono Boost)  
  35  3:07  Probe (Chrono Boost)  
  35  3:10  Probe (Chrono Boost)  
  37  3:13  Adept  
  37  3:17  Probe (Chrono Boost)  
  40  3:20  Probe (Chrono Boost)  
  40  3:25  Oracle (Chrono Boost)  
  40  3:26  Probe  
  44  3:32  Probe  
  46  3:36  Probe  
  47  3:44  Probe  
  47  3:47  Probe  
  48  3:50  Pylon  
  49  3:56  Probe (Chrono Boost)  
  49  3:58  Nexus  
  49  3:59  Probe (Chrono Boost)  
  51  4:05  Twilight Council  
  51  4:08  Probe (Chrono Boost)  
  51  4:09  Pylon  
  52  4:15  Probe (Chrono Boost)  
  53  4:17  Gateway  
  53  4:19  Sentry  
  53  4:24  Probe (Chrono Boost)  
  56  4:26  Gateway  
  56  4:27  Gateway  
  56  4:32  Probe (Chrono Boost)  
  56  4:34  Probe (Chrono Boost)  
  56  4:38  Void Ray (Chrono Boost), Assimilator x2  
  58  4:45  Probe (Chrono Boost)  
  63  4:47  Probe (Chrono Boost)  
  63  4:52  Resonating Glaives (Chrono Boost)  
  64  4:55  Probe  
  64  4:57  Pylon  
  64  4:58  Probe  
  66  5:06  Pylon  
  66  5:07  Probe  
  66  5:10  Pylon, Probe  
  66  5:11  Probe  
  66  5:12  Adept  
  71  5:20  Probe  
  72  5:21  Adept  
  72  5:22  Probe x2  
  76  5:32  Oracle, Probe x2  
  76  5:35  Probe  
  76  5:37  Forge  
  76  5:38  Templar Archives  
  76  5:42  Adept x2  
  81  5:43  Probe  
  81  5:44  Probe  
  81  5:46  Adept  
  81  5:48  Adept  
  89  5:51  Pylon, Probe  
  89  5:53  Probe  
  89  5:56  Probe  
  92  5:59  Assimilator  
  92  6:03  Probe, Assimilator  
  93  6:04  Probe  
  93  6:05  Adept x2  
  93  6:08  Probe  
  93  6:09  Pylon  
  99  6:16  Probe x2  
  99  6:17  Photon Cannon  
  101  6:20  Probe  
  101  6:23  Psionic Storm  
  100  6:27  Probe  
  100  6:28  Probe  
  100  6:32  Probe  
  103  6:35  Protoss Ground Weapons Level 1 (Chrono Boost)  
  103  6:39  Probe  
  104  6:40  Probe  
  104  6:44  Probe  
  104  6:45  Photon Cannon  
  106  6:48  Photon Cannon x2  
  106  6:50  High Templar x2  
  106  6:51  Photon Cannon, Probe  
  106  6:52  Probe  
  112  6:56  Probe  
  112  6:58  Photon Cannon  
  113  7:03  Probe  
  113  7:06  Fleet Beacon  
  114  7:15  Pylon  
  114  7:16  Adept x2, Pylon  
  114  7:17  Stargate  
  118  7:23  Pylon, Photon Cannon  
  118  7:25  Pylon  
  118  7:27  Photon Cannon  
  118  7:30  High Templar  
  118  7:32  Adept, Photon Cannon  
  118  7:34  Photon Cannon  
  122  7:38  Pylon  
  122  7:46  High Templar, Adept  
  122  7:48  Tempest (Chrono Boost)  
  130  7:54  Nexus  
  130  7:55  Pylon  
  130  8:01  Tempest (Chrono Boost)  
  130  8:05  Probe x2  
  136  8:08  High Templar  
  136  8:09  Adept x2  
  136  8:11  Probe  
  143  8:17  Probe  
  142  8:24  Adept  
  142  8:25  Probe  
  145  8:27  Tempest (Chrono Boost)  
  145  8:31  Adept x2  
  151  8:37  Tempest (Chrono Boost), Photon Cannon  
  151  8:41  Photon Cannon  
  151  8:42  Protoss Air Weapons Level 1 (Chrono Boost)  
  151  8:44  Probe  
  151  8:47  Assimilator  
  151  8:48  Assimilator  
  152  8:50  Pylon, Photon Cannon  
  152  8:55  High Templar  
  154  9:01  Tempest, Photon Cannon  
  154  9:02  Pylon  
  154  9:05  Photon Cannon  
  158  9:13  Adept x3  
  158  9:14  Carrier  
  164  9:18  Photon Cannon  
  164  9:22  Photon Cannon  
  164  9:29  Adept  
  172  9:35  Pylon  
  172  9:39  Protoss Shields Level 1 (Chrono Boost)  
  172  9:42  Stargate  
  172  9:43  Adept x2  
  172  9:44  Adept, Pylon  
  178  9:52  Adept, Probe  
  177  9:55  Probe  
  177  9:56  Probe  
  176  10:02  Probe  
  176  10:04  Mothership Core  
  176  10:06  Carrier  
  185  10:09  Adept x3, Probe  
  185  10:11  Probe  
  184  10:15  Archon  
  175  10:22  Adept  
  175  10:27  Carrier  
  181  10:28  Photon Cannon  
  181  10:32  Carrier, Photon Cannon  
  155  10:38  Adept x3  
  155  10:42  Probe  
  154  10:51  Pylon  
  154  10:53  Nexus  
  154  10:59  Graviton Catapult (Chrono Boost)  
  154  11:05  Adept  
  154  11:06  Adept  
  149  11:19  Pylon, Assimilator  
  149  11:24  Probe  
  153  11:29  Adept x4  
  153  11:32  Carrier  
  167  11:38  Photon Cannon  
  167  11:47  Photon Cannon x2  
  167  11:52  Carrier  
  167  12:03  Robotics Facility, High Templar  
  167  12:04  High Templar x2  
  167  12:05  Adept  
  175  12:12  Photon Cannon  
  175  12:13  Photon Cannon  
  175  12:16  Pylon  
  175  12:17  Probe x3  
  175  12:18  Carrier  
  175  12:20  Assimilator  
  176  12:25  Probe, Assimilator  
  176  12:26  Adept  
  181  12:40  Pylon, Photon Cannon  
  181  12:41  Photon Cannon  
  181  12:47  Photon Cannon  
  181  12:50  Adept x3  
  186  12:51  Photon Cannon, Probe  
  186  12:54  Protoss Air Weapons Level 2  
  183  13:06  Carrier  
  187  13:25  High Templar x4  
  195  13:29  Archon x2  
  195  13:33  Observer (Chrono Boost)  
  192  13:50  Carrier (Chrono Boost)  
  192  13:54  Nexus  
  188  14:16  Carrier (Chrono Boost)  
  184  14:17  Warp Prism (Chrono Boost)  
  174  14:37  Photon Cannon  
  174  14:51  Adept  
  174  14:52  Adept x2  
  176  15:04  High Templar  
  178  15:12  Observer  
  178  15:21  High Templar x3  
  183  15:25  Photon Cannon  
  183  15:29  Archon  
  176  15:54  Photon Cannon  
  176  15:55  Stalker  
Tags
 
Add a new tag
Caveats
  • Supply blocks, unpowered buildings, or Contaminate may cause inaccurate times.
  • Supply counts are checked every 10 seconds.